Map: Nightshade LE

Players

TTwice

  • Race: Protoss Protoss
  • League: Gold
  • Spawn Location: 11:00

Ratl - Winner!

  • Race: Protoss Protoss
  • League: Bronze
  • Spawn Location: 5:00

VOD

Have the link to the VOD?

Description

Time

  • Played on: Dec. 26, 2019, 8:40 p.m.
  • Length: 21:48
Show
View Real Time Build Order
Export as new Build Order

TTwice Protoss 

Build Orders:  

Get SALT Encoding   

  12  0:00  Probe  
  13  0:14  Pylon  
  13  0:17  Probe  
  14  0:34  Gateway  
  14  0:35  Probe  
  15  0:41  Assimilator  
  15  0:48  Probe (Chrono Boost)  
  16  1:00  Probe (Chrono Boost)  
  17  1:05  Probe (Chrono Boost)  
  18  1:13  Assimilator  
  18  1:14  Probe  
  18  1:15  Pylon  
  19  1:24  Cybernetics Core  
  19  1:27  Probe  
  20  1:39  Probe  
  21  1:51  Probe  
  22  1:57  Warp Gate (Chrono Boost)  
  22  2:01  Stalker (Chrono Boost)  
  22  2:03  Probe  
  22  2:07  Robotics Facility  
  25  2:21  Probe  
  26  2:35  Nexus  
  26  2:45  Pylon  
  26  2:47  Probe  
  27  2:55  Observer  
  28  3:10  Pylon  
  28  3:20  Gateway  
  28  3:21  Gateway  
  30  3:33  Pylon  
  28  3:46  Probe x2  
  30  3:50  Pylon, Assimilator x2  
  30  3:57  Stalker  
  30  3:58  Probe x2  
  29  4:10  Probe  
  32  4:21  Stalker x3  
  32  4:43  Probe (Chrono Boost)  
  32  4:44  Probe (Chrono Boost)  
  35  4:54  Probe x2 (Chrono Boost)  
  35  4:57  Pylon  
  35  4:58  Probe x2 (Chrono Boost), Shield Battery  
  36  5:00  Shield Battery  
  36  5:04  Zealot  
  40  5:17  Forge  
  40  5:21  Forge  
  40  5:22  Probe  
  40  5:24  Probe  
  42  5:43  Probe x2 (Chrono Boost)  
  42  5:48  Protoss Ground Armor Level 1 (Chrono Boost)  
  44  5:53  Probe x2 (Chrono Boost)  
  44  5:55  Protoss Ground Weapons Level 1 (Chrono Boost)  
  46  5:58  Probe x2 (Chrono Boost), Stalker x2  
  52  6:11  Twilight Council  
  52  6:13  Probe x2  
  52  6:16  Sentry  
  56  6:21  Sentry  
  59  6:25  Probe x2  
  59  6:30  Stalker  
  62  6:37  Probe  
  62  6:38  Probe  
  64  6:41  Pylon  
  64  6:45  Pylon  
  64  6:49  Probe, Pylon  
  64  6:50  Probe  
  64  6:53  Pylon  
  66  6:54  Immortal  
  66  6:56  Blink (Chrono Boost)  
  70  7:02  Probe x2  
  70  7:06  Stalker  
  70  7:07  Stalker  
  76  7:17  Stalker  
  78  7:25  Gateway  
  78  7:26  Gateway  
  78  7:28  Gateway  
  78  7:34  Stalker x2  
  82  7:43  Immortal  
  86  7:44  Protoss Ground Armor Level 2 (Chrono Boost)  
  86  7:58  Protoss Ground Weapons Level 2 (Chrono Boost), Stalker  
  88  8:17  Nexus  
  88  8:19  Pylon, Stalker  
  90  8:20  Stalker  
  91  8:32  Stalker x3  
  97  8:46  Templar Archives  
  97  8:47  Charge (Chrono Boost)  
  97  8:48  Immortal (Chrono Boost)  
  101  8:56  Stalker  
  101  8:59  Stalker  
  105  9:17  Pylon  
  105  9:18  Shield Battery  
  105  9:20  Pylon  
  105  9:21  Stalker x2  
  109  9:24  Zealot  
  109  9:29  Probe x3  
  114  9:41  Probe x3  
  114  9:43  Zealot  
  119  9:47  High Templar x4  
  119  9:52  Archon x2  
  127  10:04  Assimilator  
  127  10:06  Assimilator, Stalker x2  
  131  10:23  Probe x2  
  131  10:25  Probe  
  135  10:35  Probe  
  135  10:36  Stalker x3  
  141  10:43  Pylon  
  141  10:44  Gateway  
  141  10:45  Pylon  
  141  10:46  Gateway  
  141  10:47  Nexus  
  141  10:50  Gateway  
  141  10:55  Stalker  
  141  10:56  Stalker  
  145  10:57  Stalker  
  147  11:09  Pylon  
  147  11:12  Pylon  
  147  11:13  Pylon  
  147  11:14  High Templar x2  
  147  11:17  Protoss Ground Weapons Level 3 (Chrono Boost)  
  151  11:19  Zealot x3  
  151  11:20  Zealot  
  151  11:21  Archon, Protoss Ground Armor Level 3 (Chrono Boost)  
  163  11:40  Immortal  
  163  11:43  Zealot x3  
  169  12:00  Stalker x5  
  179  12:02  Stalker  
  179  12:07  Probe x2  
  179  12:08  Probe x2  
  185  12:12  Zealot  
  185  12:13  Zealot  
  189  12:16  Zealot  
  191  12:23  Probe  
  191  12:25  High Templar  
  191  12:28  High Templar  
  191  12:29  Zealot x2  
  200  12:39  Archon  
  200  13:13  Gateway  
  200  13:15  Gateway, Assimilator  
  200  13:17  Gateway x2  
  200  13:19  Assimilator  
  200  13:20  Gateway  
  62  14:19  Stalker x3  
  62  14:20  Stalker x6  
  72  14:24  Observer (Chrono Boost)  
  61  14:39  Observer (Chrono Boost)  
  61  14:43  Stalker x6  
  61  14:44  Stalker x3  
  55  15:06  Zealot x2  
  55  15:07  Zealot x6  
  53  15:08  Zealot  
  46  15:36  Stalker x5  
  46  15:37  Stalker x4  
  64  16:06  Nexus  
  64  16:08  Stalker  
  64  16:09  Pylon, Stalker x3  
  64  16:10  Pylon, Stalker  
  74  16:13  Pylon, High Templar  
  74  16:15  High Templar  
  78  16:30  Archon  
  78  16:40  Pylon  
  78  16:43  Pylon  
  78  16:55  Gateway  
  78  17:00  Gateway  
  78  17:02  Gateway  
  78  17:04  Gateway  
  78  17:15  Protoss Shields Level 1  
  78  17:31  Sentry  
  78  17:32  Sentry  
  78  17:33  High Templar x2  
  78  17:34  High Templar x5  
  78  17:35  High Templar  
  98  17:38  Archon x2  
  98  17:39  Archon x2  
  98  17:45  Probe x2  
  98  17:46  Probe x2  
  102  17:57  Probe  
  102  17:58  Probe x3  
  106  18:01  Stalker x3  
  112  18:17  Probe x3  
  112  18:18  Probe  
  116  18:23  Zealot  
  116  18:25  Zealot  
  120  18:29  Probe x2  
  120  18:30  Probe x2  
  124  18:50  Assimilator  
  124  18:53  Zealot  
  124  18:54  Assimilator, Zealot x2  
  130  18:55  Nexus  
  130  19:00  Stalker  
  118  19:18  Probe x4  
  122  19:25  Zealot  
  122  19:30  Probe x4  
  128  19:38  Pylon  
  128  19:39  Pylon  
  128  19:42  Probe x3, Pylon  
  131  19:52  Photon Cannon  
  131  19:54  Photon Cannon  
  131  20:00  Probe x2  
  131  20:01  Probe x2  
  131  20:06  Stalker  
  137  20:09  Stalker  
  139  20:39  Probe x3  
  142  20:50  Pylon  
  142  20:54  Photon Cannon  
  142  20:55  Stalker x5  
  142  20:56  Photon Cannon  
  152  20:58  Photon Cannon  
  152  21:03  Pylon  
  96  21:33  Stalker  
  96  21:34  Stalker x5  
  96  21:35  Stalker x4  
  96  21:36  Stalker  
Show
View Real Time Build Order
Export as new Build Order

Ratl Protoss - Winner!

Build Orders: Colossus Rush 

Get SALT Encoding   

  12  0:01  Probe  
  13  0:13  Probe  
  14  0:19  Pylon  
  14  0:25  Probe  
  15  0:30  Assimilator  
  15  0:37  Assimilator  
  15  0:38  Probe (Chrono Boost)  
  16  0:52  Gateway  
  16  0:55  Probe  
  17  1:07  Probe  
  18  1:19  Probe  
  18  1:21  Gateway  
  19  1:28  Gateway  
  19  1:34  Pylon  
  19  1:48  Probe (Chrono Boost)  
  20  1:55  Cybernetics Core  
  20  1:58  Probe (Chrono Boost)  
  21  2:03  Probe (Chrono Boost)  
  22  2:08  Pylon  
  22  2:14  Probe  
  23  2:30  Warp Gate (Chrono Boost)  
  23  2:31  Stalker x2  
  27  2:40  Probe  
  28  2:44  Robotics Facility  
  28  2:52  Probe  
  29  3:04  Probe  
  29  3:16  Probe  
  29  3:18  Stalker x2  
  34  3:29  Probe  
  35  3:38  Nexus  
  35  3:41  Probe  
  36  3:52  Robotics Bay  
  36  3:53  Probe  
  37  4:08  Pylon  
  37  4:29  Probe  
  38  4:34  Observer  
  37  4:41  Probe  
  36  4:47  Stalker x2  
  40  4:54  Probe x2  
  42  5:06  Probe x2  
  44  5:16  Colossus, Assimilator  
  44  5:18  Probe x2  
  44  5:19  Pylon x2, Assimilator  
  52  5:21  Pylon  
  52  5:30  Probe  
  53  5:38  Gateway x2  
  53  5:40  Gateway  
  53  5:42  Shield Battery  
  53  5:46  Pylon  
  53  5:54  Forge  
  53  6:04  Forge  
  53  6:07  Probe  
  53  6:08  Stalker  
  53  6:09  Stalker  
  58  6:12  Probe  
  59  6:19  Probe  
  59  6:24  Probe, Immortal (Chrono Boost)  
  65  6:30  Protoss Ground Weapons Level 1 (Chrono Boost), Protoss Ground Armor Level 1 (Chrono Boost)  
  65  6:36  Pylon  
  65  6:44  Probe (Chrono Boost)  
  67  6:48  Probe (Chrono Boost)  
  67  6:49  Extended Thermal Lance  
  68  6:55  Probe (Chrono Boost)  
  68  6:59  Probe (Chrono Boost)  
  68  7:00  Probe (Chrono Boost)  
  69  7:03  Immortal (Chrono Boost)  
  69  7:08  Probe  
  75  7:14  Shield Battery  
  75  7:16  Shield Battery  
  75  7:17  Pylon  
  75  7:36  Nexus  
  75  7:41  Assimilator  
  75  7:43  Assimilator  
  75  7:46  Observer  
  75  7:47  Pylon  
  75  7:48  Stalker  
  75  7:50  Pylon  
  77  7:56  Observer  
  78  8:15  Probe (Chrono Boost)  
  80  8:20  Probe (Chrono Boost)  
  80  8:35  Stalker x2  
  80  8:36  Stalker x3  
  90  8:47  Gateway x2  
  90  8:50  Gateway  
  90  8:51  Gateway  
  90  8:54  Gateway  
  90  9:05  Twilight Council  
  90  9:11  Colossus  
  96  9:20  Stalker  
  98  9:27  Probe x3  
  101  9:35  Protoss Ground Weapons Level 2 (Chrono Boost), Protoss Ground Armor Level 2 (Chrono Boost)  
  101  9:39  Probe x3  
  104  9:46  Charge  
  104  9:51  Probe x3  
  107  9:54  Stalker  
  109  10:01  Immortal  
  113  10:17  Shield Battery  
  113  10:19  Shield Battery  
  113  10:22  Pylon  
  113  10:24  Pylon  
  113  10:26  Observer  
  113  10:28  Probe  
  113  10:30  Immortal  
  114  10:37  Stalker x5  
  114  10:38  Stalker  
  130  11:05  Stalker x7  
  130  11:06  Stalker  
  146  11:15  Observer  
  146  11:18  Dark Shrine  
  146  11:26  Immortal, Blink  
  150  12:03  Stalker x2  
  150  12:04  Stalker  
  156  12:15  Pylon x2  
  156  12:22  Colossus  
  156  12:29  Protoss Ground Weapons Level 3 (Chrono Boost), Pylon, Protoss Ground Armor Level 3 (Chrono Boost)  
  162  12:37  Gravitic Drive  
  162  12:54  Nexus  
  162  12:56  Assimilator  
  162  13:01  Assimilator  
  162  13:05  Pylon, Dark Templar x3  
  164  13:06  Dark Templar x6  
  164  13:07  Pylon  
  180  13:27  Stalker  
  180  13:32  Warp Prism  
  156  14:07  Stalker x4  
  156  14:08  Immortal, Stalker x3  
  156  14:09  Stalker x3  
  115  15:12  Stalker x4  
  115  15:13  Stalker x4  
  115  15:14  Stalker x2  
  127  15:28  Colossus  
  127  15:45  Dark Templar x3  
  127  15:46  Dark Templar x3  
  139  16:05  Protoss Shields Level 1 (Chrono Boost)  
  139  16:07  Stalker x4  
  139  16:08  Colossus  
  153  16:36  Probe (Chrono Boost)  
  156  16:41  Probe x2 (Chrono Boost)  
  156  16:48  Probe (Chrono Boost)  
  156  16:50  Probe (Chrono Boost)  
  157  17:00  Immortal  
  157  17:01  Nexus  
  161  17:32  Nexus  
  161  17:35  Assimilator  
  161  17:38  Pylon  
  161  17:39  Assimilator  
  161  17:42  Colossus (Chrono Boost)  
  167  18:16  Probe x2  
  167  18:17  Probe  
  167  18:19  Probe, Protoss Shields Level 2 (Chrono Boost)  
  171  18:53  Probe (Chrono Boost)  
  173  19:03  Probe (Chrono Boost)  
  173  19:08  Probe (Chrono Boost)  
  162  19:19  Probe, Colossus  
  169  19:31  Probe  
  169  19:36  Stalker x5  
  169  19:37  Stalker x2  
  169  19:38  Stalker  
  186  19:41  Pylon  
  186  19:44  Pylon  
  186  19:46  Pylon  
  186  19:50  Stalker x2  
  190  20:01  Probe (Chrono Boost)  
  191  20:11  Probe (Chrono Boost)  
  191  20:12  Stalker, Disruptor  
  191  20:13  Stalker  
  199  20:16  Probe (Chrono Boost)  
  199  20:18  Shield Battery  
  199  20:20  Shield Battery  
  200  20:22  Shield Battery  
  200  20:24  Shield Battery  
  200  20:25  Shield Battery  
  200  20:27  Shield Battery  
Tags
 
Matchup
PvP
Spawn Locations
Cross Positions
Add a new tag
Caveats
  • Supply blocks, unpowered buildings, or Contaminate may cause inaccurate times.
  • Supply counts are checked every 10 seconds.